AoeStats
← jo8313

Arabia

510591648Analyzed
1v1 RM · 20h ago on Oct 1, 2026· 49m 44s· 2 players
Game mode
Random Map
Map size
Tiny (2 player)
Population
200
Speed
Normal
Resources
Standard
Victory
Conquest
Starting age
Dark Age
Ending age
Imperial Age
RankedLock teamsTeams togetherTeam positionsShared explorationLock speedFull tech treeHidden civsTurbo modeCheats
Victory
Defeat
🇫🇷 Saxons · France
1447
+15
🇬🇧 Byzantines · United Kingdom
1435
-15
aka_Faris
6:36 Loom
9:21 Feudal Age
10:07 Double-Bit Axe
13:14 Fletching
14:44 Padded Archer Armor
19:33 Wheelbarrow
22:44 Castle Age
23:06 Stone Mining
23:00 Elite Skirmisher
24:29 Bodkin Arrow
26:31 Leather Archer Armor
28:56 Ballistics
30:44 Scale Barding Armor
43:45 Imperial Age
44:41 Bracer
45:43 Chemistry
45:44 Ring Archer Armor
46:13 Gold Mining
47:30 Hand Cart
48:54 Chain Barding Armor
jo8313
6:03 Loom
8:07 Feudal Age
8:43 Double-Bit Axe
11:51 Fletching
13:25 Padded Archer Armor
21:27 Castle Age
20:18 Gold Mining
20:13 Horse Collar
22:05 Bodkin Arrow
22:26 Leather Archer Armor
21:40 Crossbowman
23:20 Bow Saw
23:00 Town Watch
23:51 Wheelbarrow
24:48 Ballistics
34:09 Thumb Ring
35:20 Heavy Plow
36:07 Hand Cart
41:24 Imperial Age
39:26 Scale Mail Armor
39:36 Forging
40:16 Gold Shaft Mining
39:32 Stone Mining
40:38 Chain Mail Armor
42:06 Iron Casting
42:09 Bracer
42:40 Ring Archer Armor
42:56 Plate Mail Armor
42:24 Arbalester
44:09 Chemistry
43:20 Masonry
44:13 Squires
44:04 Gambesons
45:27 Hoardings
45:16 Arson
47:30 Elite Varangian Guard
49:30 Conscription
Connection lost

Rejoining the realm…

Still unreachable

The connection could not be restored.

Session expired

The server has moved on; the page needs a fresh start.